 Dungeon Crawl Stone Soup version 0.28-a0-697-g47f3eba078 (webtiles) character file.

Game seed: 11768411279785174231

3384 porpoise the Thaumaturge (level 9, -6/54 HPs)
             Began as a Deep Elf Conjurer on Oct 23, 2021.
             Was a Follower of Vehumet.
             Hit by a large rock thrown by a cyclops (32 damage)
             ... on level 9 of the Dungeon on Oct 24, 2021.
             The game lasted 00:41:31 (12061 turns).

porpoise the Thaumaturge (Deep Elf Conjurer)       Turns: 12061, Time: 00:41:32

Health: -6/54      AC:  4    Str:  5    XL:     9   Next: 74%
Magic:  7/24       EV: 12    Int: 26    God:    Vehumet [*.....]
Gold:   182        SH:  0    Dex: 13    Spells: 11/27 levels left

rFire   . . .      SeeInvis .   w - +1 short sword
rCold   . . .      Faith    .   (no shield)
rNeg    + . .      Spirit   .   h - +0 robe
rPois   .          Reflect  .   H - +1 hat
rElec   .          Harm     .   (no cloak)
rCorr   .          Rampage  .   l - +0 pair of gloves
Will    .....                   (no boots)
Stlth   ++........              (no amulet)
HPRegen 0.18/turn               R - ring of positive energy
MPRegen 0.19/turn               (no ring)

@: no status effects
A: no striking features
a: Renounce Religion


You were on level 9 of the Dungeon.
You worshipped Vehumet.
Vehumet was aware of your devotion.
You visited 2 branches of the dungeon, and saw 10 of its levels.
You also visited: Sewer.

You collected 461 gold pieces.
You spent 279 gold pieces at shops.

Inventory:

Hand Weapons
 a - a +5 vampiric spear
 b - a +0 hunting sling
 w - a +1 short sword (weapon)
 B - a +2 falchion of holy wrath
 J - a +2 mace of protection
Missiles
 j - 239 stones
 n - 22 poisoned darts (quivered)
 q - 49 sling bullets
Armour
 h - a +0 robe (worn)
 k - a +0 buckler
 l - a +0 pair of gloves (worn)
 s - the +0 robe "Pyob" {Rampage}
   (You bought it in a shop on level 1 of the Dungeon)

   Rampage:   It bestows one free step when moving towards enemies.
 H - a +1 hat (worn)
 O - the +2 leather armour of Courage {rElec Int+7 Stlth-}
   (You found it on level 7 of the Dungeon)

   Int:       It affects your intelligence (+7).
   rElec:     It insulates you from electricity.
   Stlth:     It makes you less stealthy.
Magical Staves
 z - a staff of cold
Jewellery
 f - an amulet of guardian spirit
 I - a ring of ice
 R - a ring of positive energy (left hand)
Wands
 x - a wand of flame (30)
 P - a wand of paralysis (6)
 Q - a wand of iceblast (3)
Scrolls
 d - 3 scrolls of amnesia
 e - a scroll of blinking
 m - 3 scrolls of enchant weapon
 o - a scroll of noise
 y - a scroll of torment {unknown}
 A - a scroll of fear {unknown}
 C - a scroll of enchant armour {unknown}
 G - 2 scrolls of teleportation
 K - 2 scrolls of magic mapping
 N - a scroll of identify
Potions
 c - a potion of berserk rage {unknown}
 g - 4 potions of curing
 i - a potion of degeneration {unknown}
 p - 2 potions of invisibility
 r - a potion of haste
 t - 2 potions of magic {unknown}
 u - 2 potions of lignification {unknown}
 v - 2 potions of mutation {unknown}
 D - a potion of heal wounds {unknown}
 E - a potion of cancellation {unknown}
 F - a potion of resistance {unknown}
 L - a potion of brilliance {unknown}
 M - 3 potions of might {unknown}


   Skills:
 - Level 5.0 Fighting
 - Level 2.6 Dodging
 - Level 3.0 Stealth
 + Level 1.9 Shields
 + Level 9.6 Spellcasting
 - Level 7.0 Conjurations
 - Level 7.0 Hexes
 - Level 7.0 Translocations


You had 11 spell levels left.
You knew the following spells:

 Your Spells              Type           Power      Damage    Failure   Level
a - Magic Dart            Conj           100%       1d8       1%          1
b - Searing Ray           Conj           96%        2d7       1%          2
c - Fulminant Prism       Conj/Hex       24%        3d13      2%          4
d - Iskenderun's Mystic   Conj/Tloc      48%        2d11      2%          4
f - Fireball              Conj/Fire      15%        3d8       32%         5

Your spell library contained the following spells:

 Spells                   Type           Power      Damage    Failure   Level
 Sandblast                Erth           24%        2d8       4%          1
 Dazzling Flash           Conj/Hex       96%        N/A       1%          3
 Gell's Gravitas          Tloc           24%        N/A       1%          3
 Teleport Other           Tloc           48%        N/A       1%          3
 Iskenderun's Battlesphe  Conj           48%        2d10      8%          5
 Dispersal                Tloc           24%        N/A       38%         6
 Conjure Ball Lightning   Conj/Air       15%        3x3d6     87%         6
 Starburst                Conj/Fire      15%        6d6       87%         6
 Orb of Destruction       Conj           24%        9d10      93%         7


Dungeon Overview and Level Annotations

Branches:
Dungeon (9/15)             Temple (1/1) D:5           Sewer (visited)
   Lair: D:8-11         Orc: D:9-12

Altars:
Ashenzari
Cheibriados
Dithmenos
Elyvilon
Fedhas
Gozag
Hepliaklqana
Kikubaaqudgha
Makhleb
Nemelex Xobeh
Okawaru
Qazlal
Ru
Sif Muna
Trog
Uskayaw
Vehumet
Wu Jian
Xom
Yredelemnul
Zin
The Shining One

Shops:
D:1 *[   D:2 ?

Annotations:
D:9 Joseph


Message History

You hear a shout!
You hear a bellow! x5
Casting: Searing Ray (safe; 1% risk of failure)
Confirm with . or Enter, or press ? or * to list all spells.
Aiming: Fulminant Prism (dangerous; 2% risk of failure)
Press: ? - help, Dir - move target, p - Joseph You conjure a prism of explosive energy!
A fulminant prism comes into view.
Joseph shoots a sling bullet.
The sling bullet hits you!
Aiming: Paralyse
Press: ? - help, Shift-Dir - straight line, f - Joseph
Aim: Joseph, wielding a +0 hunting sling, wearing a +0 leather armour and quivering sling bullets (moderately wounded, ally target, chance to affect: 28%) Joseph suddenly stops moving!
Your fulminant prism crackles loudly.
Your fulminant prism explodes!
The blast of energy engulfs Joseph!
Joseph is heavily wounded.
You hear a bellow! x2
Casting: Fulminant Prism (dangerous; 2% risk of failure)
Confirm with . or Enter, or press ? or * to list all spells.
Aiming: Fulminant Prism (dangerous; 2% risk of failure)
Press: ? - help, Dir - move target, p - Joseph You conjure a prism of explosive energy!
A fulminant prism comes into view.
Your fulminant prism crackles loudly.
Your fulminant prism explodes!
The blast of energy engulfs Joseph!
Joseph is severely wounded.
The blast of energy engulfs the cyclops!!
The cyclops is heavily wounded.
You hear a bellow! x2
Unknown command.
Casting: Fulminant Prism (dangerous; 2% risk of failure)
Confirm with . or Enter, or press ? or * to list all spells.
Aiming: Fulminant Prism (dangerous; 2% risk of failure)
Press: ? - help, Dir - move target You conjure a prism of explosive energy!
A fulminant prism comes into view.
The cyclops throws a large rock.
The large rock hits you!!
Ouch! That really hurt!
You die...

#.#.......#
###......#............
...........(###..##.?..#
..........# #.## ...##
......*C@ #. ###
.......... #.
......<...#### #.
.............##
.........@....###
................#.
..................
..................
.........###......
#.......##.#......
###...##.#.......)
###.....<.....##
##..........#


You could see Joseph (paralysed), a cyclops (ally target) and a friendly
fulminant prism.

Vanquished Creatures
  Pikel (D:7)
  Prince Ribbit (D:7)
  Sigmund (D:4)
  2 water moccasins
  2 orc warriors
  4 sky beasts
  An ice beast (D:6)
  A necrophage (D:7)
  2 ogres
  A centaur (D:7)
  4 lemures (D:7)
  A kobold brigand (D:6)
  2 scorpions
  A bullfrog (D:6)
  A gnoll sergeant (D:6)
  4 wights (D:7)
  A bullfrog zombie (D:5)
  A centaur zombie (D:8)
  4 hounds
  A jelly (D:6)
  3 orc priests
  5 iguanas
  7 orc wizards
  A howler monkey zombie (D:6)
  8 gnolls
  A howler monkey skeleton (D:5)
  7 adders
  2 shadow imps
  2 ufetubi
  2 worms (D:6)
  24 orcs
  11 ball pythons
  6 endoplasms
  4 giant cockroaches
  6 goblins
  2 hobgoblins
  7 jackals (Sewer)
  19 kobolds
  6 quokkas
  4 bats
  7 frilled lizards
  A jackal skeleton (D:4)
  6 rats
177 creatures vanquished.

Vanquished Creatures (others)
  6 fulminant prisms
  20 plants (Sewer)
26 creatures vanquished.

Grand Total: 203 creatures vanquished

Notes
Turn   | Place    | Note
-------+----------+-------------------------------------------
     0 | D:1      | porpoise the Deep Elf Conjurer began the quest for the Orb.
     0 | D:1      | Reached XP level 1. HP: 10/10 MP: 6/6
    46 | D:1      | Found Luciubuc's Antique Armour Shoppe.
   127 | D:1      | Found Reyrah's Assorted Antiques.
   230 | D:1      | Reached XP level 2. HP: 15/15 MP: 4/8
   303 | D:1      | Learned a level 2 spell: Searing Ray
   547 | D:1      | Reached skill level 5 in Conjurations
   917 | D:1      | Reached XP level 3. HP: 19/19 MP: 6/9
  1248 | D:2      | Found Panezyr's Magic Scroll Boutique.
  1446 | D:2      | Reached XP level 4. HP: 24/24 MP: 7/11
  1886 | D:2      | Learned a level 4 spell: Fulminant Prism
  2063 | D:3      | Reached skill level 4 in Spellcasting
  2288 | D:3      | Found an opulent altar of Gozag.
  2419 | D:3      | Reached skill level 1 in Hexes
  2444 | D:3      | Learned a level 4 spell: Iskenderun's Mystic Blast
  2840 | D:4      | Noticed Sigmund
  2971 | D:4      | Reached XP level 5. HP: 18/28 MP: 3/13
  2971 | D:4      | Killed Sigmund
  2972 | D:4      | Reached skill level 5 in Spellcasting
  2972 | D:4      | Reached XP level 6. HP: 21/32 MP: 3/16
  3250 | D:4      | Reached skill level 6 in Spellcasting
  3502 | D:1      | Bought a colourful robe for 125 gold pieces
  3502 | D:1      | Identified the +0 robe "Pyob" {Rampage} (You bought it in a
                  | shop on level 1 of the Dungeon)
  3706 | D:4      | Reached skill level 5 in Hexes
  4285 | D:5      | Entered Level 5 of the Dungeon
  4320 | D:5      | Noticed a sky beast
  4489 | D:5      | Killed a sky beast
  4490 | D:5      | Reached skill level 7 in Spellcasting
  4490 | D:5      | Reached XP level 7. HP: 29/36 MP: 10/19
  4627 | D:5      | Reached skill level 1 in Translocations
  4876 | D:5      | Found an ornate altar of the Wu Jian Council.
  4957 | D:5      | Found a basalt altar of Yredelemnul.
  4959 | D:5      | Noticed a profane servitor
  5144 | D:5      | Found a staircase to the Ecumenical Temple.
  5213 | Temple   | Entered the Ecumenical Temple
  5395 | Temple   | Became a worshipper of Vehumet
  5700 | D:5      | Found a glowing golden altar of the Shining One.
  5728 | D:5      | Noticed an angel
  5963 | D:6      | Reached XP level 8. HP: 41/41 MP: 7/20
  6103 | D:6      | Found a glowing drain.
  6141 | Sewer    | Entered a sewer
  6718 | Sewer    | Reached * piety under Vehumet
  6718 | Sewer    | Offered knowledge of Foxfire by Vehumet.
  7108 | D:6      | Reached skill level 5 in Translocations
  7388 | D:1      | Bought an embroidered hat for 154 gold pieces
  7507 | D:6      | Reached skill level 1 in Fighting
  8177 | D:6      | Reached skill level 8 in Spellcasting
  9209 | D:7      | Reached XP level 9. HP: 51/51 MP: 20/23
  9423 | D:7      | Noticed Prince Ribbit
  9436 | D:7      | Killed Prince Ribbit
  9437 | D:7      | Reached skill level 9 in Spellcasting
  9639 | D:7      | Offered knowledge of Sandblast by Vehumet.
  9754 | D:7      | Reached ** piety under Vehumet
 10202 | D:7      | Identified the +2 leather armour of Courage {rElec Int+7
                  | Stlth-}
 10816 | D:7      | Noticed Pikel
 10824 | D:7      | Killed Pikel
 10825 | D:7      | Reached skill level 5 in Fighting
 11038 | D:8      | Reached skill level 1 in Shields
 11504 | D:8      | Learned a level 5 spell: Fireball
 11889 | D:9      | Noticed a cyclops
 11892 | D:9      | Noticed Joseph
 12061 | D:9      | Hit by a large rock thrown by a cyclops

Illustrated notes

Levels and vault maps discovered:
D:1:      elethiomel_arrival_quiet, layout_basic, serial_shops, shop, shop
D:2:      layout_loops_cross, serial_shops, nicolae_shop_statue_plus
D:3:      layout_loops_cross, lemuel_round_altar
D:4:      layout_basic, uniq_sigmund
D:5:      layout_basic, grunt_temple_overflow_holy_war,
          mainiacjoe_overflow_paths, minmay_temple_entry_statues_pillars,
          interstate_on_off
D:6:      layout_loops_ring, cheibrodos_sewer_entry_bend
D:7:      layout_basic, serial_park_tiny_1, uniq_pikel, uniq_prince_ribbit1
D:8:      layout_basic
D:9:      layout_cave_pools, hiddenorc1_lemuel, uniq_joseph
Temple:   dpeg_five_rooms_temple

Skill      XL: |  1  2  3  4  5  6  7  8  9 |
---------------+----------------------------+-----
Conjurations   | 5 6 7 |  7.0
Stealth        | 3 |  3.0
Spellcasting   | 4 5 7 8 9 |  9.6
Hexes          | 2 3 5 7 |  7.0
Translocations | 4 5 7 |  7.0
Fighting       | 3 5 |  5.0
Shields        | 1 |  1.9
Dodging        | |  2.6

Action                   |  1- 3 |  4- 6 |  7- 9 || total
-------------------------+-------+-------+-------++-------
Melee: Mace              |       |       |    13 ||    13
       Short sword       |       |       |     1 ||     1
 Fire: Hunting sling     |       |       |    38 ||    38
Throw: Dart              |       |    11 |    37 ||    48
 Cast: Magic Dart        |    41 |    46 |    10 ||    97
       Searing Ray       |     7 |    13 |    90 ||   110
       Iskenderun's Myst |       |       |     9 ||     9
       Fulminant Prism   |       |       |     7 ||     7
Evoke: Wand              |       |       |     1 ||     1
  Use: Scroll            |       |     5 |     4 ||     9
 Stab: Sleeping          |       |       |     1 ||     1
Armor: Robe              |       |       |    10 ||    10
Dodge: Dodged            |     3 |     4 |    37 ||    44

Table legend: (Time is in decaauts)
 A = Elapsed time spent in this place.
 B = Non-inter-level travel time spent in this place.
 C = Inter-level travel time spent in this place.
 D = Time resting spent in this place.
 E = Time spent auto-exploring this place.
 F = Levels seen in this place.
 G = Mean time per level.
                   A        B        C        D        E       F      G
               +--------+--------+--------+--------+--------+-----+--------+
         Total |  12239 |  11075 |   1164 |   4511 |   4776 |  11 | 1112.6 |
       Dungeon |  11208 |  10073 |   1135 |   4305 |   4595 |   9 | 1245.3 |
        Temple |    211 |    182 |     29 |      0 |    165 |   1 |  211.0 |
         Sewer |    819 |    819 |      0 |    206 |     16 |   1 |  819.0 |
               +--------+--------+--------+--------+--------+-----+--------+

Top non-repeatable levels by time:
     D:7: 1903 daAuts
     D:6: 1902 daAuts
     D:5: 1622 daAuts
     D:4: 1611 daAuts
     D:8: 1167 daAuts
     D:1: 1133 daAuts
     D:2: 967 daAuts
     D:3: 875 daAuts
   Sewer: 819 daAuts
  Temple: 211 daAuts
     D:9: 24 daAuts
